Match 24061728
Unlisted

Match 24061728
End
Selects Airborne Battlegroup
Selects Heavy Machine Gun Paradrop
Heavy Machine Gun Paradrop
Engineer Squad
Heavy Machine Gun Paradrop
Heavy Machine Gun Paradrop
Selects Paratrooper Squad Paradrop
Paratrooper Squad Paradrop
Paratrooper Squad Paradrop
Construct Weapon Support Center
Mechanized Support Center
Improved M9 Bazooka Rockets
Paratrooper Squad Paradrop
Construct Tank Depot
Improvised Armor
Selects Recon Loiter
Selects Supply Drop
M4A1 76mm Conversion
Paratrooper Squad Paradrop
Paratrooper Squad Paradrop
M4(105) Sherman Bulldozer
Selects Carpet Bombing Run
Paratrooper Squad Paradrop
M4A1(76) Sherman Medium Tank
Selects Anti-tank Gun Team Paradrop
M4A1(76) Sherman Medium Tank
Paratrooper Squad Paradrop
Paratrooper Squad Paradrop
Supply Drop
M4(105) Sherman Bulldozer
Paratrooper Squad Paradrop
Paratrooper Squad Paradrop
Paratrooper Squad Paradrop
Paratrooper Squad Paradrop
marcinlab
ahnsoo7k
iceman
UH|XTC
0
0

Comments sign in to comment!

No comments posted yet!